 Dungeon Crawl Stone Soup version 0.18-a0-1418-ga86aa8f (webtiles) character file.

71661 Ratboiler the Grand Gadgeteer (level 14, -3/138 HPs)
             Began as a Deep Dwarf Artificer on Feb 24, 2016.
             Was the Champion of Pakellas.
             Killed by divine providence
             ... invoked by an orc priest
              (12 damage)
             ... on level 2 of the Orcish Mines on Feb 26, 2016.
             The game lasted 02:36:36 (23827 turns).

Ratboiler the Grand Gadgeteer (DDAr)               Turns: 23827, Time: 02:36:36

Health: -3/138     AC: 24    Str: 16    XL:     14   Next: 98%
Magic:  17/21      EV: 18    Int: 13    God:    Pakellas [******]
Gold:   2225       SH:  5    Dex: 17    Spells: 0 memorised, 13 levels left

rFire  + + +     SeeInvis .     b - +11 hunting sling "Jeloqi" {velocity, rF+}
rCold  x . .     Gourm    .     V - +2 fire dragon armour
rNeg   + . .     Faith    +     H - +0 buckler
rPois  +         Spirit   .     i - +2 hat
rElec  +         Dismiss  .     e - +2 cloak {rF+}
rCorr  .         Reflect  .     D - +1 pair of gloves "Davvom Cueq" {-Cast rElec rPois Regen+}
SustAt .         Harm     .     X - +0 pair of boots
MR     +++..     Rnd*Rage +     F - amulet of faith
Stlth  ++........ NoCast   +    v - ring of stealth
                                G - ring of protection from magic

@: non-regenerating, extremely resistant to hostile enchantments, unstealthy
A: damage resistance, recharge devices, repulsion field 1, agile 1, berserk 1,
deterioration 1, dopey 1, negative energy resistance 1, sense surroundings 2,
slow regeneration 3
a: Device Recharging, Quick Charge, Device Surge, Supercharge, Renounce Religion


You were on level 2 of the Orcish Mines.
You worshipped Pakellas.
Pakellas was exalted by your worship.
You were not hungry.

You visited 4 branches of the dungeon, and saw 24 of its levels.
You also visited: Ossuary, Bailey and Volcano.

You collected 2491 gold pieces.
You spent 266 gold pieces at shops.

Inventory:

Hand Weapons
 a - the +8 flail of Untimely Demise {venom, rElec rPois rN+}
   (You took it off an orc on level 8 of the Dungeon)

   It poisons the flesh of those it strikes.
   It insulates you from electricity.
   It protects you from poison.
   It protects you from negative energy.
 b - the +11 hunting sling "Jeloqi" (weapon) {velocity, rF+}
   (You found it on level 10 of the Dungeon)

   Any stone fired from it inflicts extra damage.
   It protects you from fire.
 j - a +0 blowgun
 x - the +15 heavy crossbow "Sniper" {velocity, SInv}
   (You took it off an orc warrior in a bailey)

   Any bolt fired from it inflicts extra damage.
   It lets you see invisible.
Missiles
 l - 435 stones (quivered)
Armour
 e - a +2 cloak of fire resistance (worn)
 i - a +2 hat (worn)
 D - the +1 pair of gloves "Davvom Cueq" (worn) {-Cast rElec rPois Regen+}
   (You found it on level 1 of the Lair of Beasts)

   It insulates you from electricity.
   It protects you from poison.
   It prevents spellcasting.
   It increases your rate of regeneration.
 H - a +0 buckler (worn)
 V - a +2 fire dragon armour (worn)
 X - a +0 pair of boots (worn)
Rods
 w - a +3 iron rod (10/10)
   (Pakellas gifted it to you on level 11 of the Dungeon)
 A - a +0 rod of ignition (10/10)
   (Pakellas gifted it to you on level 13 of the Dungeon)
Jewellery
 r - an uncursed ring of ice
 v - a ring of stealth (right hand)
 E - an uncursed ring of positive energy
 F - an amulet of faith (around neck)
 G - a ring of protection from magic (left hand)
 R - an uncursed ring of sustain attributes
Wands
 c - a wand of flame (11/48)
 d - a wand of enslavement (8/24)
 f - a wand of heal wounds (0/9)
 o - a wand of iceblast (0/15)
 p - a wand of digging (8/24)
 J - a wand of paralysis (9/24)
 K - a wand of disintegration (1/24)
 T - a wand of confusion (0/48)
 U - a wand of flame (1/48)
 W - a wand of acid (0/15)
 Y - a wand of lightning (0/15)
Scrolls
 k - 9 scrolls of remove curse
 t - 3 scrolls of enchant weapon
 L - 2 scrolls of random uselessness {unknown}
 M - 4 scrolls of blinking
 P - 6 scrolls of fog
 S - a scroll of fear
 Z - 2 scrolls of teleportation
Potions
 h - 16 potions of curing
 m - 2 potions of resistance
 n - 2 potions of heal wounds
 s - 8 potions of brilliance
 z - 5 potions of flight
 B - 3 potions of cancellation
 C - a potion of berserk rage
 I - 2 potions of agility
 N - a potion of ambrosia
 O - 4 potions of haste
 Q - a potion of magic
Miscellaneous
 y - a fan of gales (inert)
Comestibles
 g - 5 bread rations
 u - 15 meat rations


   Skills:
 - Level 12.0 Fighting
   Level 0.8 Short Blades
 * Level 13.5 Maces & Flails
 + Level 12.0 Armour
 - Level 10.7 Dodging
 + Level 2.2 Stealth
 - Level 4.0 Shields
 - Level 15.1 Evocations


You had 13 spell levels left.
You didn't know any spells.

Dungeon Overview and Level Annotations

Branches:
Dungeon (13/15)            Temple (1/1) D:4            Lair (8/8) D:9
 Shoals (0/4) Lair:5       Spider (0/4) Lair:3        Slime (0/6) Lair:8
    Orc (2/2) D:11            Elf (0/3) Orc:2
 Vaults: D:13-14

Altars:
Ashenzari
Cheibriados
Dithmenos
Elyvilon
Fedhas
Gozag
Kikubaaqudgha
Makhleb
Nemelex Xobeh
Okawaru
Pakellas
Qazlal
Ru
Sif Muna
Trog
Vehumet
Xom
Yredelemnul
Zin
The Shining One
Beogh

Shops:
D:6 ?   D:12 %

Portals:
Trove: D:12 (give +6 ice dragon armour)

Annotations:
D:5 tasslehoff34's ghost, weakling DsGl
D:7 exclusion: upstairs
D:11 exclusion: upstairs
D:12 exclusion: downstairs, Kirke
D:13 Liam's ghost, journeyman DECj; dvd's ghost, journeyman DEFE
Lair:3 exclusion: downstairs, brucemayne's ghost, journeyman DsGl


Innate Abilities, Weirdness & Mutations

You are resistant to damage.
You can recharge devices by infusing magical energy.
You resist negative energy.
You passively map the area around you.
You do not regenerate naturally.
You are surrounded by a mild repulsion field (EV +2).
You are agile. (Dex +2)
You tend to lose your temper in combat.
Your body sometimes deteriorates upon taking damage.
You are dopey. (Int -2)


Message History

The orc priest is lightly wounded.
Your orc warrior barely misses the orc high priest.
The orc priest mumbles some strange prayers to Beogh against you.
Beogh smites you!
* * * LOW HITPOINT WARNING * * *
Your orc warrior hits the orc high priest with a battleaxe!
Your orc warrior hits the orc priest with a battleaxe!
The orc high priest hits your orc warrior with a battleaxe!
Your orc warrior dies!
The orc high priest hits your orc warrior with a battleaxe!
Your orc warrior dies!
Firing (i - inventory):
l - 436 stones (quivered)
Press: ? - help, Shift-Dir - straight line, f/p - orc priest
Aim: an orc priest, wielding a short sword (severely wounded)
You shoot a stone. The stone hits the orc priest.
The orc priest is almost dead.
The orc priest mumbles some strange prayers to Beogh against you.
Beogh smites you!
You die...
Pakellas says: Back to the drawing board!

#.....#...#####....#.#
####*#.....##..##..#....#.#
##...##...(..#...#..'[.....#
##.....##.........#..#.####.#
##...8...##........####.#.?#..
#8.......8...8))(8.####.').#..
#...._...)...).())['))).#..#..
#8.......8...8...8.####)####..
##...8...##..@.....####.).....
##.....##.........#..####.###
##...##....3.#...#..'....#..
#### #.....##..##..#....#..
#.....#...#####...)##'
#(...4##...##.......... *
#o))..# , #.#####'### * ,
.)o..## ,,* # * #..)## ,,
oo...## ,, ,#...##


You could see an orc high priest, an ice devil, a neqoxec and an orc priest.

Vanquished Creatures
  Rupert (Lair:4)
  An orc warlord (Orc:2)
  Josephine (Lair:6)
  5 hydras
  A centaur warrior (D:13)
  A merfolk avatar (Lair:5)
  Urug (D:10)
  An unseen horror (D:13)
  3 hill giants
  3 orc sorcerers
  3 ugly things
  An orc knight (Orc:2)
  2 griffons
  4 cyclopes
  5 elephants
  2 toenail golems (Volcano)
  A manticore (D:13)
  7 black mambas
  A centaur zombie (D:11)
  A torpor snail (Lair:5)
  10 spiny frogs
  10 komodo dragons
  2 rime drakes
  A kobold demonologist (D:11)
  7 polar bears (Lair:8)
  A spriggan druid (Lair:8)
  8 trolls
  34 yaks
  15 slime creatures
  3 two-headed ogres
  4 blink frogs (Lair:8)
  A wyvern (D:11)
  7 redbacks
  6 killer bees
  5 wraiths
  11 spriggans
  2 hogs (D:12)
  2 hungry ghosts
  2 basilisks
  4 humans (Volcano)
  A steam dragon (D:12)
  12 hippogriffs
  A chaos spawn (D:12)
  3 wargs
  2 mottled dragons
  28 wolves
  10 porcupines
  12 water moccasins
  35 orc warriors
  5 black bears
  2 sky beasts
  An eye of draining (D:13)
  An ice beast (D:12)
  5 wasps
  10 ogres
  2 phantoms
  22 centaurs
  15 crocodiles
  15 giant frogs
  4 scorpions
  7 wights
  A howler monkey (D:4)
  6 crimson imps
  A giant frog zombie (D:13)
  A quasit (D:9)
  A hound (D:5)
  5 giant frog skeletons
  22 orc priests
  5 centaur skeletons
  27 orc wizards
  4 jellies
  12 iguanas
  5 worker ants
  20 sheep
  A hound zombie (D:11)
  A hound skeleton (D:4)
  3 mummies
  A worker ant zombie (D:10)
  7 adders
  46 river rats
  2 scorpion zombies (Ossuary)
  2 shadow imps
  An ufetubus (D:12)
  An ooze (D:2)
  An adder zombie (D:8)
  An adder skeleton (D:8)
  4 dart slugs
  2 giant geckos (D:3)
  129 orcs
  2 ball pythons
  5 bats
  4 giant cockroaches
  2 gnoll zombies (Ossuary)
  14 goblins
  12 hobgoblins
  2 jackals (D:5)
  8 quokkas
  A giant gecko skeleton (D:5)
  10 giant newts
  15 kobolds
  A quokka skeleton (D:4)
  6 rats
  2 fungi
769 creatures vanquished.

Vanquished Creatures (collateral kills)
  Gastronok (Lair:2)
  An ettin (Orc:1)
  An orc sorcerer (Orc:2)
  A toenail golem (Volcano)
  Psyche (D:11)
  4 elephants (Lair:5)
  A redback (Lair:8)
  3 yaks (D:9)
  2 wolves (Lair:8)
  An orc warrior (Orc:2)
  A black bear (Lair:8)
  4 scorpions (Ossuary)
  A wight (D:11)
  5 orc priests
  An orc wizard (D:10)
  A worker ant (D:6)
  A big kobold zombie (Ossuary)
  An adder (D:8)
  2 scorpion zombies (Ossuary)
  A giant gecko (D:7)
  8 orcs
  A jackal (D:5)
  A hobgoblin zombie (Ossuary)
  A kobold zombie (Ossuary)
45 creatures vanquished.

Vanquished Creatures (others)
  A human (Volcano)
  3 centaurs
  A wolf (Lair:5)
  3 orc warriors
  A sky beast (D:7)
  A big kobold (D:9)
  5 scorpions (Ossuary)
  5 killer bees (D:8)
  3 centaur zombies
  An orc wizard (D:10)
  A mummy (Ossuary)
  2 scorpion zombies (Ossuary)
  A goblin zombie (Ossuary)
  A kobold zombie (Ossuary)
  A rat (D:2)
  A bush (Lair:8)
  11 fungi
  6 plants
48 creatures vanquished.

Grand Total: 862 creatures vanquished

Notes
Turn   | Place    | Note
--------------------------------------------------------------
     0 | D:1      | Ratboiler the Deep Dwarf Artificer began the quest for the Orb.
     0 | D:1      | Reached XP level 1. HP: 16/16 MP: 3/3
    38 | D:1      | Reached skill level 1 in Fighting
   201 | D:1      | Reached XP level 2. HP: 22/25 MP: 5/5
   786 | D:2      | Reached XP level 3. HP: 25/32 MP: 6/6
  1013 | D:2      | Found a white marble altar of Elyvilon.
  1261 | D:2      | Reached skill level 5 in Evocations
  1519 | D:2      | Reached XP level 4. HP: 38/40 MP: 7/7
  1998 | D:4      | Noticed a phantom
  2151 | D:4      | Found a sand-covered staircase.
  2158 | Ossuary  | Entered an ossuary
  2199 | Ossuary  | Reached skill level 6 in Evocations
  2199 | Ossuary  | Reached XP level 5. HP: 26/49 MP: 9/9
  2310 | Ossuary  | Reached XP level 6. HP: 39/57 MP: 11/11
  2506 | Ossuary  | Reached skill level 7 in Evocations
  2529 | Ossuary  | Reached skill level 1 in Armour
  2928 | D:4      | Found an opulent altar of Gozag.
  3050 | D:4      | Reached XP level 7. HP: 59/66 MP: 12/12
  3088 | D:5      | Entered Level 5 of the Dungeon
  3103 | D:5      | Noticed tasslehoff34's ghost (weakling DsGl)
  3312 | D:3      | Reached skill level 1 in Shields
  3416 | D:3      | Found a deep blue altar of Sif Muna.
  3571 | D:3      | Found a stormy altar of Qazlal.
  3767 | D:4      | Found a staircase to the Ecumenical Temple.
  3776 | Temple   | Entered the Ecumenical Temple
  3841 | Temple   | Became a worshipper of Pakellas the Inventive
  4985 | D:7      | Found a sacrificial altar of Ru.
  5115 | D:7      | Reached skill level 5 in Fighting
  5187 | D:7      | Reached * piety under Pakellas
  5389 | D:7      | Reached skill level 8 in Evocations
  5389 | D:7      | Reached XP level 8. HP: 59/74 MP: 5/14
  5785 | D:6      | Found an iron altar of Okawaru.
  5785 | D:6      | Found a shimmering altar of Xom.
  5785 | D:6      | Found a bloodstained altar of Trog.
  5785 | D:6      | Found an ancient bone altar of Kikubaaqudgha.
  5791 | D:6      | Found a snail-covered altar of Cheibriados.
  5791 | D:6      | Found a glowing silver altar of Zin.
  5960 | D:6      | Reached skill level 9 in Evocations
  6156 | D:6      | Reached skill level 5 in Armour
  6161 | D:6      | Gained mutation: You are agile. (Dex +2) [mutagenic meat]
  6231 | D:6      | Found Loplolo's Magic Scroll Shop.
  6347 | D:6      | Got a crystal flail
  6348 | D:6      | Identified the +2 flail of Insomnia {speed, Int+2} (You found it on level 6 of the Dungeon)
  6486 | D:6      | Bought a scroll of identify for 28 gold pieces
  6486 | D:6      | Bought a scroll of amnesia for 49 gold pieces
  6486 | D:6      | Bought a scroll of identify for 28 gold pieces
  6486 | D:6      | Bought a scroll of identify for 28 gold pieces
  6486 | D:6      | Bought a scroll of fog for 28 gold pieces
  6486 | D:6      | Bought a scroll of holy word for 105 gold pieces
  6846 | D:8      | Gained mutation: You passively map the area around you. [Deep Dwarf growth]
  6846 | D:8      | Reached XP level 9. HP: 85/85 MP: 3/13
  6986 | D:8      | Got a translucent flail {venom}
  7003 | D:8      | Identified the +8 flail of Untimely Demise {venom, rElec rPois rN+} (You took it off an orc on level 8 of the Dungeon)
  7186 | D:8      | Reached skill level 1 in Maces & Flails
  7244 | D:8      | Reached skill level 10 in Evocations
  7370 | D:8      | Found a stormy altar of Qazlal.
  7436 | D:9      | Found a staircase to the Lair.
  7455 | D:9      | Reached ** piety under Pakellas
  7455 | D:9      | Received a gift from Pakellas
  7724 | D:9      | Reached skill level 5 in Maces & Flails
  8254 | D:10     | Entered Level 10 of the Dungeon
  8353 | D:10     | Noticed a troll
  8355 | D:10     | Killed a troll
  8517 | D:10     | Reached XP level 10. HP: 82/92 MP: 10/14
  8581 | D:10     | Noticed a hill giant
  8694 | D:11     | Reached *** piety under Pakellas
  8755 | D:11     | Noticed a cyclops
  8762 | D:11     | Killed a cyclops
  8765 | D:11     | Noticed a cyclops
  8821 | D:10     | Noticed Urug
  9160 | D:10     | Reached skill level 10 in Maces & Flails
  9191 | D:10     | Killed a hill giant
  9201 | D:10     | Got a crystal hunting sling
  9202 | D:10     | Identified the +11 hunting sling "Jeloqi" {velocity, rF+} (You found it on level 10 of the Dungeon)
  9578 | D:11     | Noticed a hill giant
  9588 | D:11     | Killed a hill giant
  9601 | D:11     | Reached **** piety under Pakellas
  9601 | D:11     | Received a gift from Pakellas
  9679 | D:11     | Found a staircase to the Orcish Mines.
  9756 | D:11     | Noticed Psyche
  9770 | D:11     | Paralysed by Psyche for 5 turns
  9773 | D:11     | Killed Psyche
  9773 | D:11     | Reached XP level 11. HP: 87/100 MP: 5/15
 10173 | D:12     | Noticed a brown ugly thing
 10192 | D:12     | Killed a brown ugly thing
 10257 | D:12     | Noticed an eight-headed hydra
 10299 | D:12     | Killed an eight-headed hydra
 10504 | D:12     | Reached ***** piety under Pakellas
 10597 | D:12     | Found Louremid's Food Emporium.
 10867 | D:10     | Killed Urug
 10867 | D:10     | Reached skill level 5 in Dodging
 10966 | Lair:1   | Entered Level 1 of the Lair of Beasts
 11269 | Lair:1   | Reached XP level 12. HP: 70/112 MP: 13/17
 11311 | Lair:1   | Reached skill level 11 in Evocations
 11648 | Lair:1   | Got a pair of blackened gloves
 11659 | Lair:1   | Identified the +1 pair of gloves "Davvom Cueq" {-Cast rElec rPois Regen+} (You found it on level 1 of the Lair of Beasts)
 12283 | Lair:2   | Noticed Gastronok
 12462 | Lair:2   | Killed Gastronok
 12656 | Lair:2   | Reached skill level 12 in Evocations
 13247 | Lair:3   | Found a dark tunnel.
 13254 | Volcano  | Entered a volcano
 13770 | Lair:3   | Reached skill level 10 in Armour
 13777 | Lair:3   | Noticed brucemayne's ghost (journeyman DsGl)
 13829 | Lair:3   | Reached skill level 13 in Evocations
 13926 | Lair:3   | Found a hole to the Spider Nest.
 13939 | Lair:3   | Reached ****** piety under Pakellas
 14134 | Lair:4   | Noticed Josephine
 14266 | Lair:4   | Upgraded the game from 0.18-a0-1405-g73f4075 to 0.18-a0-1413-g4eaa9ac
 14405 | Lair:4   | Noticed Rupert
 14412 | Lair:4   | Killed Rupert
 14412 | Lair:4   | Reached XP level 13. HP: 112/121 MP: 9/19
 14993 | Lair:4   | Received a gift from Pakellas
 15186 | Lair:5   | Found a staircase to the Shoals.
 16269 | Lair:6   | Reached skill level 10 in Fighting
 16553 | Lair:6   | Reached skill level 14 in Evocations
 17460 | Lair:7   | Gained mutation: You are surrounded by a mild repulsion field (EV +2). [potion of beneficial mutation]
 17893 | Lair:8   | Entered Level 8 of the Lair of Beasts
 18003 | Lair:8   | Reached skill level 10 in Dodging
 18339 | Lair:8   | Found a staircase to the Slime Pits.
 18521 | Lair:8   | Reached skill level 15 in Evocations
 18736 | Lair:8   | Gained mutation: You resist negative energy. [Deep Dwarf growth]
 18736 | Lair:8   | Reached XP level 14. HP: 122/135 MP: 8/21
 19552 | Lair:6   | Killed Josephine
 19778 | D:12     | Found a portal to a secret trove of treasure.
 19898 | D:12     | Found a shimmering altar of Xom.
 20020 | D:12     | Noticed Kirke
 20101 | D:13     | Noticed Liam's ghost (journeyman DECj)
 20235 | D:13     | Noticed dvd's ghost (journeyman DEFE)
 20454 | D:13     | Identified a scroll of acquirement
 20614 | D:13     | Received a gift from Pakellas
 20987 | Lair:1   | Upgraded the game from 0.18-a0-1413-g4eaa9ac to 0.18-a0-1418-ga86aa8f
 21100 | Orc:1    | Entered Level 1 of the Orcish Mines
 21100 | Orc:1    | Found a flagged portal.
 21175 | Bailey   | Entered a bailey
 22099 | Orc:1    | Gained mutation: Your body sometimes deteriorates upon taking damage. [a neqoxec]
 22422 | Orc:2    | Entered Level 2 of the Orcish Mines
 22762 | Orc:2    | Found a roughly hewn altar of Beogh.
 23306 | Orc:2    | Found a staircase to the Elven Halls.
 23447 | Orc:2    | Noticed an orc warlord
 23769 | Orc:2    | Found a roughly hewn altar of Beogh.
 23780 | Orc:2    | Killed an orc warlord
 23820 | Orc:2    | Gained mutation: You tend to lose your temper in combat. [a neqoxec]
 23824 | Orc:2    | Gained mutation: You are dopey. (Int -2) [a neqoxec]
 23827 | Orc:2    | Killed from afar by an orc priest

Vault maps used:
D:1:      matt_arrival_los_fun
D:2:      first_bread, elyvilon_altar_4
D:3:      led_sif_pool, lemuel_coloured_pillars_altar
D:4:      nicolae_gozag_seed_capital, gup_ossuary_entry_pyramid
D:6:      minmay_overflow_temple_hex, serial_shops, shop
D:7:      the_bakery, nicolae_ru_sacrificial_ziggurat
D:8:      grunt_ministairs_2, nicolae_qazlal_style_of_elements
D:9:      lair_0_dummy, kennysheep_minor_cross, amalloy_card_club
D:10:     uniq_urug
D:11:     hiddenorc2_lemuel, serial_park_tiny_2, uniq_psyche
D:12:     kennysheep_demon_hangout, basic_altar, serial_shops, shop,
          nicolae_trove_entry_crystal, uniq_kirke
D:13:     erik_vaults_1
Temple:   triangle_lava_temple_11
Lair:1:   serial_bayou_shore_b, grunt_megastairs_1
Lair:2:   uniq_gastronok
Lair:3:   spider_nest_entry_a, lightli_volcano_entry_magma_tube
Lair:4:   uniq_rupert, uniq_josephine
Lair:5:   shoals_dummy_entry, grunt_megastairs_5
Lair:7:   grunt_forest_stairs_basic
Lair:8:   minmay_lair_end_enchanted_forest, minmay_slime_entry_pillars
Orc:1:    enter_bailey_2
Orc:2:    pubby_orc_utopia
Ossuary:  ossuary_minmay_scorpions
Bailey:   bailey_polearm_flooded_kennysheep, bailey
Volcano:  volcano_bunker

Skill      XL: |  1  2  3  4  5  6  7  8  9 10 11 12 13 14 |
---------------+-------------------------------------------+-----
Fighting       | 1 2 3 4 5 6 7 8 9 11 12 | 12.0
Evocations     | 5 6 7 8 9 10 13 15 | 15.1
Armour         | 2 3 5 6 8 10 12 | 12.0
Shields        | 4 |  4.0
Maces & Flails | 7 10 11 13 | 13.5
Dodging        | 5 8 10 | 10.7
Stealth        | 2 |  2.2
Short Blades   | |  0.8

Action                   |  1- 3 |  4- 6 |  7- 9 | 10-12 | 13-15 || total
-------------------------+-------+-------+-------+-------+-------++-------
Melee: Short sword       |    37 |       |       |       |       ||    37
       Spear             |    91 |    59 |       |       |       ||   150
       Trident           |       |   118 |   229 |       |       ||   347
       Flail             |       |       |    87 |   257 |   671 ||  1015
 Fire: Hunting sling     |       |       |       |   586 |   666 ||  1252
Throw: Stone             |    21 |     6 |     8 |       |    10 ||    45
Invok: Quick Charge      |       |       |     5 |    14 |    18 ||    37
 Abil: Device Recharging |       |       |     3 |       |     1 ||     4
Evoke: Wand              |    19 |    33 |    95 |   100 |   128 ||   375
       Rod               |       |       |       |     2 |     1 ||     3
       Fan of gales      |       |       |       |       |     3 ||     3
  Use: Scroll            |     2 |     6 |    12 |    11 |     9 ||    40
       Potion            |       |       |     2 |       |     7 ||     9
 Stab: Confused          |       |       |     6 |       |     4 ||    10
       Paralysed         |       |       |     3 |     9 |    14 ||    26
       Sleeping          |       |       |       |     1 |     1 ||     2
       Distracted        |       |       |       |     1 |       ||     1
       Betrayed ally     |       |       |       |       |     1 ||     1
  Eat: Chunk             |     2 |     2 |     8 |     8 |     6 ||    26
       Beef jerky        |       |     1 |       |     3 |     3 ||     7
       Fruit             |       |     2 |     4 |     3 |       ||     9
       Bread ration      |       |       |     1 |     2 |     4 ||     7
       Meat ration       |       |       |     1 |       |       ||     1
       Pizza             |       |       |       |       |     2 ||     2
